 Dungeon Crawl Stone Soup version 0.29.0-4-gdea44cf6ec (webtiles) character file.

Game seed: 4963583699665343119

599 qw the Chopper (level 7, -5/40 HPs)
             Began as a Tengu Warper on Aug 28, 2022.
             Was a Follower of Okawaru.
             Slain by a gnoll
             ... wielding a +0 war axe
              (10 damage)
             ... on level 4 of the Dungeon.
             The game lasted 00:00:33 (4663 turns).

qw the Chopper (Tengu Warper)                       Turns: 4663, Time: 00:00:34

Health: -5/40      AC: 11    Str: 13    XL:     7   Next: 41%
Magic:  9/11       EV:  8    Int: 13    God:    Okawaru [*.....]
Gold:   260        SH: 11    Dex: 14    Spells: 10/10 levels left

rFire   . . .      SeeInvis +   Y - +3 hand axe (vorpal)
rCold   . . .      Faith    .   a - +0 kite shield
rNeg    . . .      Spirit   .   h - +0 chain mail
rPois   .          Reflect  .   (helmet restricted)
rElec   .          Harm     .   (no cloak)
rCorr   .          Rampage  .   g - +0 pair of gloves
Will    +....                   (boots unavailable)
Stlth   ..........              (no amulet)
HPRegen 0.13/turn               d - ring of willpower
MPRegen 0.12/turn               k - ring of see invisible

@: heroic, flying quickly and evasively, quick
A: beak, talons 3, nimble flight
a: Renounce Religion, Heroism


You were on level 4 of the Dungeon.
You worshipped Okawaru.
Okawaru was aware of your devotion.
You visited 2 branches of the dungeon, and saw 5 of its levels.

You collected 260 gold pieces.


Innate Abilities, Weirdness & Mutations

You have a beak for a mouth.
You have claws for feet.
Your magical nature lets you fly swiftly and evasively.


   Skills:
 - Level 2.0(7.0) Fighting
 + Level 6.7(11.7) Axes
 - Level 1.0(6.0) Throwing
 - Level 2.0(7.0) Armour
 - Level 2.1(7.1) Dodging
 - Level 4.2(9.2) Shields
 - Level 2.0 Spellcasting
 - Level 2.4 Translocations
 + Level 1.1 Invocations


You had 10 spell levels left.
You didn't know any spells.
Your spell library contained the following spells:

 Spells                   Type           Power      Damage    Failure   Level
 Blink                    Tloc           14%        N/A       100%        2
 Gell's Gravitas          Tloc           7%         N/A       100%        3
 Lesser Beckoning         Tloc           7%         N/A       100%        3
 Teleport Other           Tloc           7%         N/A       100%        3
 Manifold Assault         Tloc           7%         N/A       100%        5

Inventory:

Hand Weapons
 o - a +0 flail
 Y - a +3 vorpal hand axe (weapon)
Missiles
 b - a javelin (quivered)
 l - a silver boomerang
Armour
 a - a +0 kite shield (worn)
 g - a +0 pair of gloves (worn)
 h - a +0 chain mail (worn)
Jewellery
 d - a ring of willpower (left hand)
 k - a ring of see invisible (right hand)
Scrolls
 n - a scroll of immolation {unknown}
 q - a scroll of fog {unknown}
Potions
 c - a potion of degeneration {unknown}
 e - a potion of haste {unknown}
 f - a potion of heal wounds {unknown}
 i - a potion of curing
 j - a potion of mutation {unknown}
 m - a potion of berserk rage {unknown}

Dungeon Overview and Level Annotations

Branches:
Dungeon (4/15)             Temple (1/1) D:4

Altars:
Ashenzari
Dithmenos
Elyvilon
Fedhas
Gozag
Hepliaklqana
Okawaru
Ru
Trog
Vehumet
Xom
Yredelemnul
Zin
The Shining One


Message History

The gnoll hits you from afar with a +0 spear.
4656 ||| INVOKING Heroism.
You gain the combat prowess of a mighty hero.
The gnoll shouts!
You hear a shout!
You block the gnoll's attack.
The orc shouts!
You hear a shout! x3
You block the gnoll's attack.
You see here a javelin.
You closely miss the gnoll. You hit the gnoll.
The gnoll hits you with a +0 spear. The gnoll barely misses you.
You barely miss the gnoll. Your kick misses the gnoll.
Your peck misses the gnoll.
The gnoll is lightly wounded.
You barely miss the orc. You hit the gnoll. You block the gnoll's attack.
The orc hits you with a +0 club. You block the gnoll's attack.
You completely miss the gnoll. Your kick misses the gnoll.
The gnoll is lightly wounded.
You hit the gnoll. You hit the orc but do no damage.
You block the orc's attack. The gnoll hits you but does no damage.
The gnoll shouts!
You hit the gnoll but do no damage. You claw the gnoll.
You peck the gnoll, but do no damage.
The gnoll is heavily wounded.
You barely miss the orc. You hit the gnoll.
You hear a shout! x2
The gnoll hits you with a +0 halberd! The gnoll hits you but does no damage.
The orc hits you but does no damage.
You barely miss the gnoll.
The gnoll is severely wounded.
You hit the orc but do no damage. You hit the gnoll.
You kill the gnoll!
Okawaru accepts your kill. You block the gnoll's attack.
You slash the gnoll!
You kill the gnoll!
Okawaru accepts your kill.
You hit the gnoll. You barely miss the orc.
The gnoll hits you with a +0 war axe!
You die...

.#....# #.##.......#.......##.#
.....)###.#####.#.##.#.....##.#
......)...#####.#.##.##...###.#
.....###........#........####.#
...#.###.######......###......#
.........))..####)###############
.............)..)................
~~~~~~~~~~~~~~~.().~~~~~~~~~~~~~~
~~~~~~~~~~~~~~~o@..~~~~~~~~~~~~~~
###~~~~~~~~~~)~.)g.~~~~~~~~~~~~##
gg#..........)).o..............#.
..#############'o''#############.
#'# #...g# #+ # #....# # '....g.
# ##'#### #


You could see 3 gnolls and 3 orcs.

Vanquished Creatures
  4 howler monkeys
  A hound (D:4)
  A jelly (D:4)
  A gnoll bouda (D:4)
  2 iguanas (D:4)
  An orc wizard (D:4)
  15 gnolls (D:4)
  2 adders
  2 worms
  2 dart slugs
  21 orcs
  4 bats (D:1)
  4 endoplasms
  2 giant cockroaches
  4 goblins
  7 hobgoblins
  14 jackals
  10 kobolds
  5 quokkas
  4 ball pythons
  4 rats
110 creatures vanquished.

Vanquished Creatures (others)
  2 plants (D:4)
2 creatures vanquished.

Grand Total: 112 creatures vanquished

Notes
Turn   | Place    | Note
-------+----------+-------------------------------------------
     0 | D:1      | qw the Tengu Warper began the quest for the Orb.
     0 | D:1      | Reached XP level 1. HP: 12/12 MP: 4/4
     0 | D:1      | 0 ||| qw: Version: 0.1-a-89-g26bdef1
     0 | D:1      | 0 ||| qw: Game counter: 2873
     0 | D:1      | 0 ||| qw: Always use a shield: true
     0 | D:1      | 0 ||| qw: God list: Okawaru
     0 | D:1      | 0 ||| qw: Allow faded altars: false
     0 | D:1      | 0 ||| qw: Do Orc after D:15 true
     0 | D:1      | 0 ||| qw: Do second Lair branch before Depths: true
     0 | D:1      | 0 ||| qw: Lair rune preference: random
     0 | D:1      | 0 ||| qw: Plans: Normal
     0 | D:1      | 0 ||| PLANNING D:1-11
   134 | D:1      | Reached skill level 3 in Axes
   134 | D:1      | Reached XP level 2. HP: 14/17 MP: 6/6
   461 | D:1      | Found a faded altar of an unknown god.
   533 | D:1      | Reached XP level 3. HP: 21/21 MP: 7/7
   574 | D:1      | 574 ||| UPGRADING to +0 ring mail.
   584 | D:1      | 584 ||| DROPPING +0 leather armour.
   585 | D:1      | 585 ||| UPGRADING to +0 chain mail.
   595 | D:1      | 595 ||| DROPPING +0 ring mail.
   596 | D:1      | 596 ||| UPGRADING to ring of willpower.
   597 | D:1      | 597 ||| UPGRADING to ring of see invisible.
   598 | D:1      | 598 ||| READING scroll labelled QAIDOEMO IPTOM.
   599 | D:1      | 599 ||| READING scroll labelled DIREPICWUXEE.
   600 | D:1      | 600 ||| READING scroll labelled ZEOMA MULIA.
   605 | D:1      | 605 ||| READING scroll labelled IRUSEX XAZE.
   606 | D:1      | 606 ||| DRINKING 2 orange potions.
   607 | D:1      | 607 ||| DROPPING scroll of blinking.
   692 | D:2      | 692 ||| Stepping ~*~*~tactically~*~*~ (stealth).
   698 | D:2      | 698 ||| Stepping ~*~*~tactically~*~*~ (stealth).
   702 | D:2      | 702 ||| DROPPING +0 club.
   819 | D:2      | Reached skill level 4 in Axes
   823 | D:2      | HP: 5/21 [poisoned by an adder]
  1559 | D:2      | 1559 ||| UPGRADING to +0 kite shield.
  1564 | D:2      | 1564 ||| READING scroll labelled QOOH XOVOUNAOC.
  1711 | D:3      | 1711 ||| Stepping ~*~*~tactically~*~*~ (stealth).
  1720 | D:3      | HP: 3/21 [worm (9)]
  1721 | D:3      | 1721 ||| READING scroll of teleportation.
  2369 | D:3      | Reached skill level 1 in Shields
  2378 | D:3      | 2378 ||| Stepping ~*~*~tactically~*~*~ (hiding).
  2379 | D:3      | 2379 ||| Stepping ~*~*~tactically~*~*~ (hiding).
  2451 | D:3      | Found a hazy altar of Hepliaklqana.
  2473 | D:3      | Reached XP level 4. HP: 20/26 MP: 8/8
  2836 | D:3      | 2836 ||| DROPPING +0 whip.
  2848 | D:3      | 2848 ||| SWAPPING to +2 vorpal hand axe.
  2849 | D:3      | 2849 ||| DROPPING +1 hand axe.
  2961 | D:3      | 2961 ||| UPGRADING to amulet of guardian spirit.
  2966 | D:3      | 2966 ||| READING scroll labelled ELASUE BYSICZA.
  2967 | D:3      | 2967 ||| DRINKING 2 ruby potions.
  3009 | D:3      | 3009 ||| DRINKING 2 smoky green potions.
  3010 | D:3      | 3010 ||| DROPPING potion of lignification.
  3011 | D:3      | 3011 ||| DROPPING potion of brilliance.
  3016 | D:4      | 3016 ||| STAIRDANCE
  3020 | D:4      | 3020 ||| STAIRDANCE
  3081 | D:4      | 3081 ||| STAIRDANCE
  3085 | D:3      | Reached skill level 3 in Shields
  3085 | D:3      | Gained mutation: Your magical nature lets you fly swiftly
                  | and evasively. [Tengu growth]
  3085 | D:3      | Reached XP level 5. HP: 19/30 MP: 6/9
  3200 | D:4      | 3200 ||| STAIRDANCE
  3244 | D:4      | 3244 ||| Stepping ~*~*~tactically~*~*~ (stealth).
  3437 | D:4      | 3437 ||| Stepping ~*~*~tactically~*~*~ (hiding).
  3455 | D:4      | Reached skill level 5 in Axes
  3472 | D:4      | Reached XP level 6. HP: 14/35 MP: 6/10
  3535 | D:4      | 3535 ||| FLEEEEING.
  3536 | D:4      | 3536 ||| FLEEEEING.
  3692 | D:4      | 3692 ||| READING scroll of enchant weapon.
  3692 | D:4      | 3692 ||| ENCHANTING +2 vorpal hand axe.
  3711 | D:4      | 3711 ||| Stepping ~*~*~tactically~*~*~ (hiding).
  3899 | D:4      | Found a staircase to the Ecumenical Temple.
  3900 | D:4      | 3900 ||| PLANNING TEMPLE
  3900 | D:4      | 3900 ||| UPGRADING to +0 pair of gloves.
  3913 | Temple   | Entered the Ecumenical Temple
  3913 | Temple   | Found a transporter.
  3913 | Temple   | Found a transporter.
  3915 | Temple   | Found a transporter.
  3915 | Temple   | Found a transporter.
  3931 | Temple   | Became a worshipper of Warmaster Okawaru
  3932 | Temple   | 3932 ||| REMOVING amulet of guardian spirit.
  3937 | Temple   | 3937 ||| DROPPING amulet of guardian spirit.
  3938 | Temple   | 3938 ||| PLANNING D:1-11
  4223 | D:4      | Reached skill level 6 in Axes
  4301 | D:4      | Reached XP level 7. HP: 40/40 MP: 11/11
  4598 | D:4      | Reached * piety under Okawaru
  4601 | D:4      | 4601 ||| Stepping ~*~*~tactically~*~*~ (stealth).
  4622 | D:4      | 4622 ||| INVOKING Heroism.
  4629 | D:4      | 4629 ||| Stepping ~*~*~tactically~*~*~ (stealth).
  4644 | D:4      | 4644 ||| INVOKING Heroism.
  4648 | D:4      | Reached skill level 1 in Invocations
  4656 | D:4      | 4656 ||| INVOKING Heroism.
  4661 | D:4      | HP: 4/40 [gnoll/+0 halberd (9)]
  4663 | D:4      | Slain by a gnoll

Levels and vault maps discovered:
D:1:      scummos_arrival_hexagon, layout_rooms,
          shapermc_ecumenical_altar_acropolis
D:2:      layout_basic, grunt_decor_fettered, minmay_misc_feat_rugged
D:3:      layout_loops_corners, lemuel_round_altar
D:4:      lemuel_castle_with_subvaults [lemuel_castle_interior_carwin_3],
          layout_loops_cross, temple_pool_b
Temple:   hellmonk_temple_divided_pantheon

Skill      XL: |  1  2  3  4  5  6  7 |
---------------+----------------------+-----
Axes           | 3 4 5 6 |  6.7
Shields        | 1 3 4 |  4.2
Armour         | 2 |  2.0
Invocations    | 1 |  1.1
Fighting       | |  2.0
Throwing       | |  1.0
Dodging        | |  2.1
Spellcasting   | |  2.0
Translocations | |  2.4

Action                   |  1- 3 |  4- 6 |  7- 9 || total
-------------------------+-------+-------+-------++-------
Melee: Hand axe          |    97 |   121 |    42 ||   260
       Peck              |    11 |    18 |     6 ||    35
       Kick              |    18 |    31 |    12 ||    61
Throw: Boomerang         |     7 |     4 |     1 ||    12
       Javelin           |       |    10 |    14 ||    24
Invok: Heroism           |       |       |     3 ||     3
  Use: Scroll            |     6 |     2 |       ||     8
       Potion            |     1 |     2 |       ||     3
Armor: Leather armour    |    21 |       |       ||    21
       Chain mail        |    27 |    37 |    12 ||    76
Dodge: Dodged            |    28 |    27 |    10 ||    65
Block: Kite shield       |    15 |    43 |    15 ||    73

Table legend:
 A = Non-vault XP
 B = Vault XP
 C = Vault XP percentage of total XP
 D = Non-vault monster count
 E = Vault monster count
 F = Vault count percentage of total count
                 A         B        C        D         E       F
            +---------+---------+-------+---------+---------+-------
      Total |     483 |     387 |  44.5 |      78 |      32 |  29.1
            +---------+---------+-------+---------+---------+-------
        D:1 |      35 |       0 |   0.0 |      19 |       0 |   0.0
        D:2 |      20 |       0 |   0.0 |       5 |       0 |   0.0
        D:3 |     120 |       0 |   0.0 |      25 |       0 |   0.0
        D:4 |     308 |     387 |  55.7 |      29 |      32 |  52.5
            +---------+---------+-------+---------+---------+-------
